 Dungeon Sprint DCSS version 0.17-a0-1311-gbcbd859 (webtiles) character file.

13 Kidiri the Sneak (level 2, -2/15 HPs)
             Began as a Spriggan Assassin on June 8, 2015.
             Was an Initiate of Dithmenos.
             Slain by a gnoll
             ... wielding a +0 halberd
              (4 damage)
             ... while paralysed by a giant eyeball
             ... in the Dungeon (Sprint VII: "The Pits").
             The game lasted 00:00:55 (107 turns).

Kidiri the Sneak (Spriggan Assassin)                 Turns: 107, Time: 00:00:55

Health: -2/15      AC:  3    Str:  7    XL:     2   Next: 24%
Magic:  3/3        EV:  4    Int: 12    God:    Dithmenos [......]
Gold:   0          SH:  0    Dex: 17    Spells: 0 memorised, 1 level left

rFire  . . .     SeeInvis +     a - +2 dagger
rCold  . . .     Clarity  .     c - +0 robe
rNeg   . . .     SustAt   .     (shield restricted)
rPois  .         Gourm    .     (helmet restricted)
rElec  .         Spirit   .     d - +0 cloak
rCorr  .         Warding  .     (gloves unavailable)
rMut   .         NoTele   +     (boots unavailable)
MR     .....                    (no amulet)
Stlth  ++++......               (no ring)
                                (no ring)

@: paralysed, very quick, not resistant to hostile enchantments, stealthy
A: unfitting armour, see invisible, herbivore 3, speed 3, slow metabolism 2
a: Renounce Religion


You were in the Dungeon.
You worshipped Dithmenos.
Dithmenos was noncommittal.
You were not hungry.

You visited 1 branch

Inventory:

Hand weapons
 a - a +2 dagger (weapon)
 b - a +0 blowgun
Missiles
 e - 8 poisoned needles
 f - 2 curare-tipped needles
Armour
 c - a +0 robe (worn)
 d - a +0 cloak (worn)
Scrolls
 m - a scroll of blinking
 p - 3 scrolls of remove curse
 q - 5 scrolls of amnesia
 r - a scroll of summoning
Potions
 h - a potion of curing
 i - a potion of heal wounds
 j - a potion of haste
 k - 4 potions of magic
 l - 3 potions of berserk rage
 o - 2 potions of invisibility
Comestibles
 g - 8 bread rations
 n - 40 fruits


   Skills:
 + Level 2.1 Fighting
 * Level 3.4 Short Blades
 + Level 2.8 Throwing
 * Level 3.2 Dodging
 * Level 6.8 Stealth
 + Level 0.4 Invocations


You had one spell level left.
You didn't know any spells.

Dungeon Overview and Level Annotations

Branches:
Dungeon (1/1)

Altars:
Ashenzari
Cheibriados
Dithmenos
Elyvilon
Fedhas
Gozag
Kikubaaqudgha
Makhleb
Nemelex Xobeh
Okawaru
Qazlal
Ru
Sif Muna
Trog
Vehumet
Xom
Yredelemnul
Zin
The Shining One
Beogh
Jiyva
Lugonu


Innate Abilities, Weirdness & Mutations

You are tiny and cannot use many weapons and most armour.
You have supernaturally acute eyesight.
You are a herbivore.
You cover ground extremely quickly.
You need consume almost no food.


Message History

A giant eyeball and a zombie come into view.
The giant eyeball turns its gaze towards you.
You hear a shout!
You hit the giant gecko zombie.
The giant gecko zombie completely misses you.
A gnoll comes into view. It is wielding a halberd.
You open the door.
The gnoll hits you from afar with a halberd!
Ouch! That really hurt!
* * * LOW HITPOINT WARNING * * *
The giant gecko zombie misses you.
There is an open door here.
The giant gecko zombie closely misses you.
The gnoll completely misses you. The giant eyeball gazes at you.
You suddenly lose the ability to move!
The giant gecko zombie bites you.
* * * LOW HITPOINT WARNING * * *
The gnoll hits you from afar with a halberd.
You die...

############
#__________#
#__________#
#.#####+##############++
#_#)))+.+%.##...........
#_#)))#.#?(##......#..#.
#######+#####...........
#.......@...'...........
#+#####Z#####......#..#.
#..#g.# #...........
#..G..# ####+#####++
#..#### #.......# #..
#.......# #. #.......# #
#...<...# #.......#


You could see a giant eyeball, a gnoll and a giant gecko zombie.

Vanquished Creatures
  A giant eyeball (D)
  An ufetubus (D)
  A bat zombie (D)
3 creatures vanquished.

Notes
Turn   | Place    | Note
--------------------------------------------------------------
     0 | D        | Kidiri the Spriggan Assassin began the quest for the Orb.
     0 | D        | Reached XP level 1. HP: 10/10 MP: 2/2
    17 | D        | Reached skill level 6 in Stealth
    27 | D        | Found a sacrificial altar of Ru.
    27 | D        | Found a basalt altar of Yredelemnul.
    27 | D        | Found a shadowy altar of Dithmenos.
    27 | D        | Found a deep blue altar of Sif Muna.
    27 | D        | Found a burning altar of Makhleb.
    27 | D        | Found a shimmering altar of Xom.
    27 | D        | Found an ancient bone altar of Kikubaaqudgha.
    27 | D        | Found a sparkling altar of Nemelex Xobeh.
    28 | D        | Found a bloodstained altar of Trog.
    28 | D        | Found a corrupted altar of Lugonu.
    28 | D        | Found a viscous altar of Jiyva.
    39 | D        | Found a glowing golden altar of the Shining One.
    39 | D        | Found a shattered altar of Ashenzari.
    39 | D        | Found a white marble altar of Elyvilon.
    39 | D        | Found a snail-covered altar of Cheibriados.
    39 | D        | Found a blossoming altar of Fedhas.
    39 | D        | Found a radiant altar of Vehumet.
    39 | D        | Found a glowing silver altar of Zin.
    39 | D        | Found a roughly hewn altar of Beogh.
    39 | D        | Found an iron altar of Okawaru.
    44 | D        | Became a worshipper of Dithmenos the Shadowed
    48 | D        | Found a stormy altar of Qazlal.
    48 | D        | Found an opulent altar of Gozag.
    79 | D        | Paralysed by a giant eyeball for 4 turns
    89 | D        | Paralysed by a giant eyeball for 3 turns
    94 | D        | Reached XP level 2. HP: 15/15 MP: 3/3
   105 | D        | Paralysed by a giant eyeball for 2 turns
   107 | D        | Slain by a gnoll

Vault maps used:
D:        pitsprint

Action                   || total
-------------------------++-------
Melee: Dagger            ||    11
 Stab: Sleeping          ||     2
